 Dungeon Crawl Stone Soup version 0.31-a0-188-g5e087ee2ca (webtiles) character file.

Game seed: 28679446120012736

42 qw the Shooter (level 3, 0/20 HPs)
             Began as a Deep Elf Hunter on June 23, 2023.
             Succumbed to an adder's poison
             ... on level 3 of the Dungeon.
             The game lasted 00:00:11 (996 turns).

qw the Shooter (Deep Elf Hunter)                     Turns: 996, Time: 00:00:12

Health: 0/20       AC:  3    Str: 10    XL:     3   Next: 33%
Magic:  5/5        EV: 12    Int: 13    God:
Gold:   80         SH:  0    Dex: 18    Spells: 2/2 levels left

rFire   . . .        Y - +0 shortbow
rCold   . . .        (shield currently unavailable)
rNeg    . . .        c - +0 leather armour
rPois   .            (no helmet)
rElec   .            (no cloak)
rCorr   .            (no gloves)
SInv    .            (no boots)
Will    .....        (no amulet)
Stlth   ++           (no ring)
HPRegen 0.23/turn    (no ring)
MPRegen 0.09/turn

%: no passive effects
@: lethally poisoned (0 -> -1)
A: no striking features
a: no special abilities


You were on level 3 of the Dungeon.
You visited 1 branch of the dungeon, and saw 3 of its levels.

You collected 80 gold pieces.


   Skills:
 - Level 1.5 Fighting
 + Level 6.9 Ranged Weapons
 - Level 2.4 Dodging
 - Level 1.2 Stealth


You had 2 spell levels left.
You didn't know any spells.
Your spell library was empty.

Inventory:

Hand Weapons
 Y - a +0 shortbow (weapon)
Armour
 c - a +0 leather armour (worn)
Scrolls
 a - 2 scrolls of teleportation {unknown}

Dungeon Overview and Level Annotations

Branches:
Dungeon (2/15)

Altars:

Shops:
D:1 (


Message History

The arrow completely misses the hobgoblin.
The hobgoblin shouts!
You shoot an arrow. The arrow hits the hobgoblin.
The hobgoblin is almost dead.
You shoot an arrow. The arrow hits the hobgoblin!
You kill the hobgoblin!
There is an open door here.
You open the door.
There is an open door here.
An adder comes into view.
You shoot an arrow. The arrow hits the adder.
The adder hisses angrily.
The adder is moderately wounded.
You shoot an arrow. The arrow closely misses the adder.
You shoot an arrow. The arrow barely misses the adder.
The adder bites you.
You shoot an arrow. The arrow closely misses the adder.
The adder bites you.
You are poisoned.
The adder poisons you! The adder bites you.
You are more poisoned.
The adder poisons you!
You shoot an arrow. The arrow misses the adder.
You feel very sick. The adder closely misses you.
You shoot an arrow. The arrow misses the adder.
You feel sick. The adder barely misses you. The adder bites you.
You shoot an arrow. The arrow hits the adder!
You kill the adder!
You feel sick.
There is a lethal amount of poison in your body!
You feel sick.
There is a lethal amount of poison in your body!
You feel sick.
There is a lethal amount of poison in your body!
You feel sick.
There is a lethal amount of poison in your body!
You feel sick.
There is a lethal amount of poison in your body!
You die...

# #####.#
#.#.%...#
#.#@#####
#.......#
###.###.# #.# #.#
#.# #.# #.# #.#
..###'###########
###..............
#.....#########


There were no monsters in sight!

Vanquished Creatures
  3 adders
  A dart slug (D:1)
  An orc (D:3)
  A bat (D:1)
  A goblin (D:1)
  2 hobgoblins
  2 ball pythons (D:1)
  A rat (D:1)
12 creatures vanquished.

Notes
Turn   | Place    | Note
-------+----------+-------------------------------------------
     0 | D:1      | qw the Deep Elf Hunter began the quest for the Orb.
     0 | D:1      | Reached XP level 1. HP: 12/12 MP: 3/3
     0 | D:1      | 0 ||| qw: Version: 0.3-a-9-g12657ce
     0 | D:1      | 0 ||| qw: Game counter: 3951
     0 | D:1      | 0 ||| qw: Always use a shield: true
     0 | D:1      | 0 ||| qw: God list: Okawaru
     0 | D:1      | 0 ||| qw: Allow faded altars: false
     0 | D:1      | 0 ||| qw: Do Orc after D:15 true
     0 | D:1      | 0 ||| qw: Do second Lair branch before Depths: true
     0 | D:1      | 0 ||| qw: Lair rune preference: random
     0 | D:1      | 0 ||| qw: Plans: Normal
     0 | D:1      | 0 ||| PLANNING D:1-11
    16 | D:1      | Found Xaoheud's Antique Weapon Emporium.
    28 | D:1      | 28 ||| SHOPLISTING runed orcbow (130 gold, have 0).
   401 | D:1      | Reached skill level 6 in Ranged Weapons
   401 | D:1      | Reached XP level 2. HP: 16/16 MP: 4/4
   717 | D:1      | 717 ||| READING scroll labelled IPNUAF YPSIGG.
   718 | D:1      | 718 ||| DROPPING scroll of butterflies.
   852 | D:2      | Reached XP level 3. HP: 15/20 MP: 5/5
   914 | D:2      | You fall into a shaft and drop 1 floor!
   990 | D:3      | HP: 5/20 [adder (3)]
   993 | D:3      | HP: 2/20 [poisoned by an adder]
   996 | D:3      | Succumbed to an adder's poison

Levels and vault maps discovered:
D:1:      saegor_arrival_simple_b, layout_basic, serial_shops, shop,
          chequers_jeans
D:2:      layout_basic
D:3:      layout_basic, chequers_temple_overflow_statue_of_worship

Skill      XL: |  1 |
---------------+----+-----
Ranged Weapons | 6 |  6.9
Fighting       | |  1.5
Dodging        | |  2.4
Stealth        | |  1.2

Action                     || total
---------------------------++-------
   Fire: Shortbow          ||    44
    Use: Scroll            ||     1
 Armour: Leather armour    ||     5
  Dodge: Dodged            ||    17

Table legend:
 A = Non-vault XP
 B = Vault XP
 C = Vault XP percentage of total XP
 D = Non-vault monster count
 E = Vault monster count
 F = Vault count percentage of total count
                 A         B        C        D         E       F
            +---------+---------+-------+---------+---------+-------
      Total |      60 |       0 |   0.0 |      12 |       0 |   0.0
            +---------+---------+-------+---------+---------+-------
        D:1 |      14 |       0 |   0.0 |       7 |       0 |   0.0
        D:2 |      27 |       0 |   0.0 |       2 |       0 |   0.0
        D:3 |      19 |       0 |   0.0 |       3 |       0 |   0.0
            +---------+---------+-------+---------+---------+-------
